Map: Dusk Towers

Players

JusticeSimon - Winner!

  • Race: Protoss Protoss
  • League: Master

WhyAlwaysMe

  • Race: Protoss Protoss

VOD

Have the link to the VOD?

Description

Time

  • Played on: March 12, 2016, 10:32 p.m.
  • Length: 6:26
Show
View Real Time Build Order
Export as new Build Order

JusticeSimon Protoss - Winner!

Build Orders: Phoenix Opening 

Get SALT Encoding   

  12  0:01  Probe (Chrono Boost)  
  13  0:12  Probe (Chrono Boost)  
  14  0:18  Pylon  
  14  0:22  Probe (Chrono Boost)  
  15  0:36  Probe (Chrono Boost), Gateway  
  16  0:47  Assimilator, Probe (Chrono Boost)  
  17  0:57  Probe (Chrono Boost)  
  18  1:08  Probe (Chrono Boost)  
  20  1:18  Probe (Chrono Boost)  
  20  1:19  Assimilator  
  20  1:26  Cybernetics Core  
  20  1:29  Probe (Chrono Boost)  
  21  1:34  Pylon  
  21  1:39  Probe (Chrono Boost)  
  22  1:50  Probe (Chrono Boost)  
  23  2:00  Probe (Chrono Boost)  
  24  2:03  Adept (Chrono Boost)  
  24  2:04  Warp Gate  
  26  2:11  Probe (Chrono Boost)  
  27  2:21  Probe  
  27  2:22  Nexus  
  28  2:32  Adept (Chrono Boost)  
  28  2:33  Probe  
  31  2:45  Stargate  
  30  2:57  Probe  
  31  3:11  Pylon  
  31  3:15  Pylon  
  31  3:29  Mothership Core, Stalker (Chrono Boost)  
  31  3:30  Phoenix  
  31  3:31  Pylon  
  37  3:42  Probe  
  38  3:50  Probe  
  38  3:53  Probe  
  38  3:54  Gateway x2  
  38  4:06  Probe, Pylon  
  38  4:07  Probe  
  40  4:24  Probe  
  40  4:25  Probe  
  40  4:27  Void Ray (Chrono Boost)  
  46  4:34  Probe  
  46  4:37  Probe  
  48  4:41  Stalker  
  50  4:54  Stalker x2  
  50  4:55  Probe  
  50  4:56  Probe  
  54  5:00  Gateway  
  54  5:02  Gateway  
  54  5:04  Mothership Core  
  52  5:07  Stalker  
  44  5:24  Stalker x2  
  33  5:45  Stalker  
  33  5:47  Stalker  
  33  5:48  Stalker  
  39  5:58  Probe  
  39  5:59  Probe  
  35  6:14  Stalker x2  
  35  6:15  Zealot x2  
Show
View Real Time Build Order
Export as new Build Order

WhyAlwaysMe Protoss 

Build Orders:  

Get SALT Encoding   

  12  0:01  Probe (Chrono Boost)  
  13  0:12  Probe (Chrono Boost)  
  14  0:19  Pylon  
  14  0:22  Probe (Chrono Boost)  
  15  0:37  Probe (Chrono Boost), Gateway  
  16  0:48  Probe (Chrono Boost)  
  17  0:52  Assimilator  
  17  0:58  Probe (Chrono Boost)  
  17  1:00  Assimilator  
  18  1:16  Probe (Chrono Boost)  
  19  1:24  Cybernetics Core  
  18  1:28  Probe (Chrono Boost)  
  19  1:39  Probe (Chrono Boost)  
  20  1:41  Pylon  
  20  1:49  Probe (Chrono Boost)  
  21  2:00  Probe (Chrono Boost)  
  22  2:02  Warp Gate  
  22  2:04  Stalker (Chrono Boost)  
  24  2:11  Probe (Chrono Boost)  
  24  2:15  Gateway  
  25  2:23  Mothership Core (Chrono Boost)  
  25  2:25  Pylon  
  27  2:42  Probe (Chrono Boost)  
  28  2:47  Robotics Facility  
  28  2:52  Probe (Chrono Boost)  
  28  2:55  Stalker (Chrono Boost)  
  30  3:14  Pylon  
  32  3:21  Stalker (Chrono Boost)  
  32  3:40  Immortal (Chrono Boost)  
  36  3:55  Probe  
  35  4:08  Probe  
  36  4:16  Pylon  
  39  4:17  Immortal (Chrono Boost)  
  39  4:18  Gateway  
  37  4:27  Stalker x2  
  41  4:58  Pylon  
  37  5:14  Stalker x2  
  39  5:17  Immortal (Chrono Boost)  
  37  5:34  Adept  
  39  5:39  Adept x2  
  40  5:44  Mothership Core (Chrono Boost)  
  38  5:55  Adept  
  40  6:03  Probe (Chrono Boost)  
  35  6:06  Stalker  
  33  6:14  Sentry  
Tags
 
League
Master
Matchup
PvP
Replay Pack
Simon Rep
Add a new tag
Caveats
  • Supply blocks, unpowered buildings, or Contaminate may cause inaccurate times.
  • Supply counts are checked every 10 seconds.